 Dungeon Crawl Stone Soup version 0.21.0-3-g78d12a8 (webtiles) character file.

30 IksarHS the Sneak (level 3, 0/26 HPs)
             Began as a Human Enchanter on Jan 14, 2018.
             Killed by nerve-wracking pain
             ... invoked by Jessica
              (4 damage)
             ... on level 2 of the Dungeon.
             The game lasted 00:05:12 (1356 turns).

IksarHS the Sneak (Human Enchanter)                 Turns: 1356, Time: 00:05:13

Health: 0/26       AC:  4    Str:  7 (9)  XL:     3   Next: 37%
Magic:  5/5        EV: 12    Int: 14 (15) God:
Gold:   64         SH:  0    Dex: 12 (15) Spells: 5/6 levels left

rFire    . . .     SeeInvis .   a - +1 dagger
rCold    . . .     Gourm    .   (no shield)
rNeg     . . .     Faith    .   b - +0 robe
rPois    .         Spirit   .   (no helmet)
rElec    .         Reflect  .   (no cloak)
rCorr    .         Harm     .   (no gloves)
MR       .....                  (no boots)
Stlth    ++........             (no amulet)
HPRegen  0.08/turn              (no ring)
MPRegen  0.09/turn              (no ring)

@: no status effects
A: hooves 1, iridescent scales 1, agile 1, deterioration 1, low mp 1
a: no special abilities


You were on level 2 of the Dungeon.
You were not hungry.

You visited 1 branch of the dungeon, and saw 2 of its levels.

You collected 64 gold pieces.

Inventory:

Hand Weapons
 a - a +1 dagger (weapon)
Armour
 b - a +0 robe (worn)
Scrolls
 g - 3 scrolls of fear {unknown}
 h - a scroll of remove curse {unknown}
 i - a scroll of identify {unknown}
 j - a scroll of immolation {unknown}
Potions
 m - a potion of berserk rage {unknown}
 n - a potion of flight {unknown}
Books
 c - a book of Maledictions

   Spells                             Type                      Level
   a - Corona                         Hexes                        1
   b - Ensorcelled Hibernation        Hexes/Ice                    2
   c - Confuse                        Hexes                        3
   d - Tukima's Dance                 Hexes                        3
   e - Dazzling Spray                 Conjuration/Hexes            3
Comestibles
 d - 3 rations
 f - 6 chunks of flesh


   Skills:
 + Level 1.6 Fighting
 - Level 1.0 Short Blades
 + Level 1.6 Armour
 - Level 2.0 Dodging
 + Level 3.2 Stealth
 - Level 2.0 Spellcasting
 - Level 3.0 Hexes


You had 5 spell levels left.
You knew the following spells:

 Your Spells              Type           Power        Failure   Level  Hunger
a - Corona                Hex            #......      7%          1    ##.....


Dungeon Overview and Level Annotations

Branches:
Dungeon (2/15)

Altars:

Annotations:
D:2 Jessica


Innate Abilities, Weirdness & Mutations

You have large cloven feet.
You are partially covered in iridescent scales. (AC +2)
You are agile. (Dex +2)
Your body sometimes deteriorates upon taking damage.
Your magical capacity is low. (-10% MP)


Message History

There was something very wrong with that liquid.
You feel weakened.
You feel dopey.
You feel clumsy. Jessica barely misses you. x2
You feel extremely strange.
You regain control of your magic.
You feel agile.
You feel less energetic.
Iridescent scales grow over part of your body.
Jessica hits you with a club. Jessica closely misses you.
Okay, then.
You barely miss Jessica.
You feel yourself speed up. Jessica closely misses you.
Jessica casts a spell at you. Pain shoots through your body!
* * * LOW HITPOINT WARNING * * *
You hit Jessica but do no damage. Jessica hits you with a club.
* * * LOW HITPOINT WARNING * * *
You hit Jessica but do no damage. Jessica barely misses you.
Jessica gestures at you while chanting. Pain shoots through your body!
You die...

##.# ...........%.. #..#
##########@#####. #..#
...........## #..#
############....# #..#
#.........†.(...# #..#
#.#.............#
#..#.##.#.########....#
#..#.##...@# ##......+
#..#.####.@# #.###### #..#.#
#..# #.# #..#.#
#..########.# #.÷#.#
#.........#.#
#..#.#####.######.#.#######
#..........#####...........
#.##.#######...............
#..(.............<....#....
.#####.######......#.#.#.###


You could see Jessica.

Vanquished Creatures
  An ooze (D:1)
  A ball python (D:1)
  4 giant cockroaches
  8 goblins
  3 hobgoblins
  A kobold (D:1)
  3 bats
  2 rats
23 creatures vanquished.

Notes
Turn   | Place    | Note
-------+----------+-------------------------------------------
     0 | D:1      | IksarHS the Human Enchanter began the quest for the Orb.
     0 | D:1      | Reached XP level 1. HP: 13/13 MP: 3/3
   294 | D:1      | Reached skill level 1 in Fighting
   294 | D:1      | Reached skill level 1 in Armour
   294 | D:1      | Reached XP level 2. HP: 11/21 MP: 5/5
   571 | D:1      | Reached XP level 3. HP: 18/26 MP: 6/6
  1325 | D:2      | Noticed Jessica
  1351 | D:2      | Gained mutation: Your spells are a little harder to cast, but a little more powerful. [potion of mutation]
  1351 | D:2      | Gained mutation: Your body sometimes deteriorates upon taking damage. [potion of mutation]
  1351 | D:2      | Gained mutation: You have large cloven feet. [potion of mutation]
  1353 | D:2      | Lost mutation: Your spells are a little harder to cast, but a little more powerful. [potion of mutation]
  1353 | D:2      | Gained mutation: You are agile. (Dex +2) [potion of mutation]
  1353 | D:2      | Gained mutation: Your magical capacity is low. (-10% MP) [potion of mutation]
  1353 | D:2      | Gained mutation: You are partially covered in iridescent scales. (AC +2) [potion of mutation]
  1356 | D:2      | Killed from afar by Jessica

Skill      XL: |  1 |
---------------+----+-----
Fighting       | 1 |  1.6
Armour         | 1 |  1.6
Short Blades   | |  1.0
Dodging        | |  2.0
Stealth        | |  3.2
Spellcasting   | |  2.0
Hexes          | |  3.0

Action                   || total
-------------------------++-------
Melee: Dagger            ||   101
  Use: Potion            ||     6
 Stab: Sleeping          ||     7
  Eat: Chunk             ||     1
Armor: Robe              ||    23
       Skin              ||     2
Dodge: Dodged            ||    62
